EVO
OHIO STATE UNIVERSITY BUCKEYES @ WICHITA STATE UNIVERSITY SHOCKERS
09/24/2047
 
TOP OF THE 1ST
Ohio State University Buckeyes batting - Pitching for Wichita State University Shockers : RHP Boboy Cacabelos
Pitching: RHP Boboy Cacabelos
Batting: LHB Adam Simpson 0-0: Ball
1-0: Ball
2-0: Foul Ball, location: 2F
2-1: Ball
3-1: Bunt for hit to 25 - play at first, batter safe!
Batting: RHB Mike Tarantino 0-0: Ball
1-0: Ball
2-0: SINGLE (Line Drive, 4M, EV 98.8 MPH)
Adam Simpson to second
Batting: LHB Tony Abascal 0-0: Ball
1-0: Called Strike
1-1: Called Strike
1-2: Ball
2-2: Ball
3-2: SINGLE (Line Drive, 9S, EV 103.8 MPH)
Adam Simpson to third
Mike Tarantino to second
Batting: RHB Tristan Gimple 0-0: Called Strike
0-1: Ball
1-1: Grounds into double play, 3-6-3 (Groundball, 34, EV 83.8 MPH)
Adam Simpson scores
Mike Tarantino to third
Batting: LHB Zach Brandt 0-0: Swinging Strike
0-1: Ball
1-1: Foul Ball, location: 2F
1-2: Ball
2-2: Fly out, F8 (Flyball, 8LM, EV 93.8 MPH)
Top of the 1st over - 1 run, 3 hits, 0 errors, 1 left on base; Ohio State University 1 - Wichita State University 0
BOTTOM OF THE 1ST
Wichita State University Shockers batting - Pitching for Ohio State University Buckeyes : RHP Eric Long
Pitching: RHP Eric Long
Batting: RHB Kyle Gill 0-0: Ball
1-0: Called Strike
1-1: Foul Ball, location: 2F
1-2: Strikes out swinging
Batting: RHB Lucio Baratta 0-0: Foul Ball, location: 2F
0-1: Called Strike
0-2: Ball
1-2: Strikes out swinging
Batting: LHB Carlos Flores 0-0: Ball
1-0: Called Strike
1-1: Foul Ball, location: 2F
1-2: Strikes out swinging
Bottom of the 1st over - 0 runs, 0 hits, 0 errors, 0 left on base; Ohio State University 1 - Wichita State University 0
TOP OF THE 2ND
Ohio State University Buckeyes batting - Pitching for Wichita State University Shockers : RHP Boboy Cacabelos
Batting: RHB Jacob Carrano 0-0: Called Strike
0-1: Ball
1-1: Ball
2-1: Called Strike
2-2: DOUBLE (Flyball, 89XD, EV 101.9 MPH)
Batting: RHB David Guillen 0-0: Ball
1-0: Ball
2-0: Called Strike
2-1: Called Strike
2-2: Foul Ball, location: 2F
2-2: Foul Ball, location: 2F
2-2: Foul Ball, location: 2F
2-2: Strikes out swinging
Batting: RHB Bo Wu 0-0: Ball
1-0: Ball
2-0: Ball
3-0: Called Strike
3-1: Swinging Strike
3-2: 2-RUN HOME RUN (Flyball, 7D, EV 102.5 MPH), Distance : 383 ft
Batting: LHB Ben Callaway 0-0: Foul Ball, location: 2F
0-1: Ball
1-1: DOUBLE (Line Drive, 7LS, EV 108.1 MPH)
Batting: LHB Adam Simpson 0-0: Called Strike
0-1: Foul Ball, location: 2F
0-2: Foul Ball, location: 2F
0-2: Ball
1-2: Foul Ball, location: 2F
1-2: Foul Ball, location: 2F
1-2: Foul Ball, location: 2F
1-2: Foul Ball, location: 2F
1-2: Foul Ball, location: 2F
1-2: Ball
2-2: Strikes out swinging
Batting: RHB Mike Tarantino 0-0: Called Strike
0-1: Ball
1-1: Ball
2-1: Ball
3-1: Fly out, F7 (Flyball, 7, EV 93.8 MPH)
Top of the 2nd over - 2 runs, 3 hits, 0 errors, 1 left on base; Ohio State University 3 - Wichita State University 0
BOTTOM OF THE 2ND
Wichita State University Shockers batting - Pitching for Ohio State University Buckeyes : RHP Eric Long
Batting: RHB Marvin Coffey 0-0: Ball
1-0: Ball
2-0: Called Strike
2-1: Foul Ball, location: 2F
2-2: Ball
3-2: Foul Ball, location: 2F
3-2: Base on Balls
Batting: LHB Kyle Lee 0-0: Called Strike
0-1: DOUBLE (Line Drive, 78D, EV 115.0 MPH)
Marvin Coffey to third
Runner from 3rd tries for Home, SAFE, no throw by CF
Batting: LHB Troy Davies 0-0: Ball
1-0: Ball
2-0: Foul Ball, location: 2F
2-1: Swinging Strike
2-2: Strikes out swinging
Batting: RHB Jeff Grant 0-0: Called Strike
0-1: Ball
1-1: Foul Ball, location: 2F
1-2: Ball
2-2: Foul Ball, location: 2F
2-2: Strikes out looking
Batting: RHB Rick McGrath 0-0: Called Strike
0-1: Swinging Strike
0-2: SINGLE (Groundball, 6MD, EV 96.2 MPH)
Kyle Lee to third
Runner from 3rd tries for Home, throw by CF and OUT! 8-2
Bottom of the 2nd over - 1 run, 2 hits, 0 errors, 1 left on base; Ohio State University 3 - Wichita State University 1
TOP OF THE 3RD
Ohio State University Buckeyes batting - Pitching for Wichita State University Shockers : RHP Boboy Cacabelos
Batting: LHB Tony Abascal 0-0: Fly out, F8 (Line Drive, 8LM, EV 102.5 MPH)
Batting: RHB Tristan Gimple 0-0: Foul Ball, location: 2F
0-1: Foul Ball, location: 2F
0-2: Ball
1-2: Foul Ball, location: 2F
1-2: Ball
2-2: DOUBLE (Flyball, 78XD, EV 108.1 MPH)
Batting: LHB Zach Brandt 0-0: Called Strike
0-1: Ball
1-1: Foul Ball, location: 2F
1-2: Strikes out looking
Batting: RHB Jacob Carrano 0-0: Ball
1-0: Called Strike
1-1: Ball
2-1: SINGLE (Groundball, 6D, EV 94.4 MPH)
Tristan Gimple to third
Runner from 3rd tries for Home, SAFE, throw by CF to home
Batting: RHB David Guillen 0-0: Foul Ball, location: 2F
0-1: SINGLE (Line Drive, 78M, EV 98.1 MPH)
Jacob Carrano to second
Batting: RHB Bo Wu 0-0: Ball
1-0: Ball
2-0: Called Strike
2-1: SINGLE (Groundball, 6MD, EV 101.9 MPH)
Jacob Carrano to third
David Guillen to second
Runner from 3rd tries for Home, SAFE, throw by CF to home
Pitching: RHP Keith Wilder
Batting: LHB Ben Callaway 0-0: Ball
1-0: Ball
2-0: Foul Ball, location: 2F
2-1: Ball
3-1: Foul Ball, location: 2F
3-2: Base on Balls
David Guillen to third
Bo Wu to second
Batting: LHB Adam Simpson 0-0: Called Strike
0-1: Swinging Strike
0-2: Ball
1-2: Strikes out swinging
Top of the 3rd over - 2 runs, 4 hits, 0 errors, 3 left on base; Ohio State University 5 - Wichita State University 1
BOTTOM OF THE 3RD
Wichita State University Shockers batting - Pitching for Ohio State University Buckeyes : RHP Eric Long
Batting: SHB Peter Faggard 0-0: Ball
1-0: Ball
2-0: Called Strike
2-1: Foul Ball, location: 2F
2-2: Foul Ball, location: 2F
2-2: Strikes out swinging
Batting: RHB Kyle Gill 0-0: Ground out 5-3 (Groundball, 5L, EV 107.5 MPH)
Batting: RHB Lucio Baratta 0-0: Called Strike
0-1: Swinging Strike
0-2: SINGLE (Groundball, 6MD, EV 99.4 MPH)
Batting: LHB Carlos Flores 0-0: Called Strike
0-1: Swinging Strike
0-2: Foul Ball, location: 2F
0-2: Ball
1-2: SINGLE (Groundball, 6S, EV 66.9 MPH) (infield hit)
Lucio Baratta to second
Batting: RHB Marvin Coffey 0-0: Called Strike
0-1: Called Strike
0-2: Foul Ball, location: 2F
0-2: Ball
1-2: Foul Ball, location: 2F
1-2: DOUBLE (Flyball, 9LM, EV 93.1 MPH)
Lucio Baratta scores
Carlos Flores to third
Runner from 3rd tries for Home, SAFE, throw by RF to home
Batting: LHB Kyle Lee 0-0: SINGLE (Line Drive, 78M, EV 93.1 MPH)
Marvin Coffey to third
Batting: LHB Troy Davies 0-0: Ball
1-0: Swinging Strike
1-1: Swinging Strike
1-2: Ball
2-2: Ball
3-2: Strikes out swinging
Bottom of the 3rd over - 2 runs, 4 hits, 0 errors, 2 left on base; Ohio State University 5 - Wichita State University 3
TOP OF THE 4TH
Ohio State University Buckeyes batting - Pitching for Wichita State University Shockers : RHP Keith Wilder
Batting: RHB Mike Tarantino 0-0: Ball
1-0: Fly out, F4 (Popup, 34S, EV 70.0 MPH)
Batting: LHB Tony Abascal 0-0: Foul Ball, location: 2F
0-1: SOLO HOME RUN (Flyball, 9D, EV 96.9 MPH), Distance : 368 ft
Batting: RHB Tristan Gimple 0-0: Called Strike
0-1: Foul Ball, location: 2F
0-2: Ball
1-2: Foul Ball, location: 2F
1-2: Ball
2-2: Foul Ball, location: 2F
2-2: Foul Ball, location: 2F
2-2: Foul Ball, location: 2F
2-2: Ball
3-2: Base on Balls
Batting: LHB Zach Brandt 0-0: Foul Ball, location: 2F
0-1: Ball
1-1: Ball
2-1: Foul Ball, location: 2F
2-2: Foul Ball, location: 2F
2-2: Foul Ball, location: 2F
2-2: Ball
3-2: Foul Ball, location: 2F
3-2: 2-RUN HOME RUN (Flyball, 9LD, EV 97.5 MPH), Distance : 352 ft
Pitching: LHP Rusty Estes
Batting: RHB Jacob Carrano 0-0: Ball
1-0: Foul Ball, location: 2F
1-1: Ground out 6-3 (Groundball, 6M, EV 75.6 MPH)
Batting: RHB David Guillen 0-0: SINGLE (Line Drive, 6D, EV 106.9 MPH)
Batting: RHB Bo Wu 0-0: Foul Ball, location: 2F
0-1: Called Strike
0-2: Ball
1-2: Ground out 1-3 (Groundball, 13S, EV 73.1 MPH)
Top of the 4th over - 3 runs, 3 hits, 0 errors, 1 left on base; Ohio State University 8 - Wichita State University 3
BOTTOM OF THE 4TH
Wichita State University Shockers batting - Pitching for Ohio State University Buckeyes : RHP Eric Long
Batting: RHB Jeff Grant 0-0: Called Strike
0-1: Ground out 4-3 (Groundball, 4M, EV 93.1 MPH)
Batting: RHB Rick McGrath 0-0: Ball
1-0: Ball
2-0: Ball
3-0: Called Strike
3-1: Base on Balls
Batting: SHB Peter Faggard 0-0: Called Strike
0-1: Ball
1-1: Fielders Choice at 2nd, 3-6 (Groundball, 34, EV 79.4 MPH)
Batting: RHB Kyle Gill 0-0: Foul Ball, location: 2F
0-1: Ball
1-1: Ball
2-1: Ball
3-1: 2-RUN HOME RUN (Flyball, 9LD, EV 96.9 MPH), Distance : 354 ft
Pitching: RHP Harry Jerome
Batting: RHB Lucio Baratta 0-0: Ball
1-0: Ball
2-0: Called Strike
2-1: Called Strike
2-2: Strikes out swinging
Bottom of the 4th over - 2 runs, 1 hit, 0 errors, 0 left on base; Ohio State University 8 - Wichita State University 5
TOP OF THE 5TH
Ohio State University Buckeyes batting - Pitching for Wichita State University Shockers : LHP Rusty Estes
Batting: LHB Ben Callaway 0-0: Ball
1-0: Called Strike
1-1: Ball
2-1: SINGLE (Groundball, 6M, EV 85.6 MPH) (infield hit)
Batting: LHB Adam Simpson 0-0: Sac Bunt to 15 - play at first, batter OUT! 1-3
Ben Callaway to second
Batting: RHB Mike Tarantino 0-0: Fly out, F8 (Flyball, 8RM, EV 90.0 MPH)
Batting: LHB Tony Abascal 0-0: Ball
1-0: SINGLE (Groundball, 4MD, EV 111.9 MPH)
Ben Callaway to third
Runner from 3rd tries for Home, SAFE, throw by CF to home
Batting: RHB Tristan Gimple 0-0: Called Strike
0-1: Called Strike
0-2: Ball
1-2: Ball
2-2: Ball
3-2: Ground out 5-3 (Groundball, 5, EV 80.6 MPH)
Top of the 5th over - 1 run, 2 hits, 0 errors, 1 left on base; Ohio State University 9 - Wichita State University 5
BOTTOM OF THE 5TH
Wichita State University Shockers batting - Pitching for Ohio State University Buckeyes : RHP Harry Jerome
Batting: LHB Carlos Flores 0-0: Called Strike
0-1: Ball
1-1: Ground out 4-3 (Groundball, 4, EV 90.0 MPH)
Batting: RHB Marvin Coffey 0-0: Ball
1-0: Fly out, F9 (Flyball, 8RM, EV 84.4 MPH)
Batting: LHB Kyle Lee 0-0: Ball
1-0: Swinging Strike
1-1: Ground out 4-3 (Groundball, 4, EV 101.9 MPH)
Bottom of the 5th over - 0 runs, 0 hits, 0 errors, 0 left on base; Ohio State University 9 - Wichita State University 5
TOP OF THE 6TH
Ohio State University Buckeyes batting - Pitching for Wichita State University Shockers : LHP Rusty Estes
Batting: LHB Zach Brandt 0-0: Called Strike
0-1: Ground out 4-3 (Groundball, 4M, EV 101.2 MPH)
Batting: RHB Jacob Carrano 0-0: Ball
1-0: Called Strike
1-1: Fly out, F8 (Flyball, 8RXD, EV 90.0 MPH)
Batting: RHB David Guillen 0-0: Ball
1-0: Ball
2-0: Called Strike
2-1: Swinging Strike
2-2: Strikes out swinging
Top of the 6th over - 0 runs, 0 hits, 0 errors, 0 left on base; Ohio State University 9 - Wichita State University 5
BOTTOM OF THE 6TH
Wichita State University Shockers batting - Pitching for Ohio State University Buckeyes : RHP Harry Jerome
Batting: LHB Troy Davies 0-0: Called Strike
0-1: Ground out 6-3 (Groundball, 6, EV 84.4 MPH)
Batting: RHB Jeff Grant 0-0: Ball
1-0: Ball
2-0: Fly out, F2 (Popup, 3SF, EV 78.8 MPH)
Batting: RHB Rick McGrath 0-0: Foul Ball, location: 2F
0-1: Ball
1-1: Ball
2-1: Fly out, F8 (Flyball, 8LXD, EV 104.4 MPH)
Bottom of the 6th over - 0 runs, 0 hits, 0 errors, 0 left on base; Ohio State University 9 - Wichita State University 5
TOP OF THE 7TH
Ohio State University Buckeyes batting - Pitching for Wichita State University Shockers : LHP Rusty Estes
Pitching: LHP Greg Burton
Batting: RHB Bo Wu 0-0: Ball
1-0: Ball
2-0: Ball
3-0: Base on Balls
Pitching: LHP Éric Duval
Batting: LHB Ben Callaway 0-0: SINGLE (Groundball, 4D, EV 100.0 MPH)
Bo Wu to second
Runner from 2nd tries for 3rd, SAFE, no throw by CF
Batting: LHB Adam Simpson 0-0: Foul Ball, location: 2F
0-1: Ball
1-1: Foul Ball, location: 2F
1-2: Ball
2-2: Fly out, F7 (Flyball, 7, EV 86.2 MPH)
Runner from 3rd tags up, SCORES, throw by LF
Batting: RHB Mike Tarantino 0-0: Ball
1-0: Foul Ball, location: 2F
1-1: Called Strike
1-2: Fielders Choice at 2nd, 6-4 (Groundball, 6, EV 84.4 MPH)
Batting: LHB Tony Abascal 0-0: Ball
1-0: Called Strike
1-1: Called Strike
1-2: Ball
2-2: SINGLE (Line Drive, 7S, EV 101.2 MPH)
Mike Tarantino to second
Batting: RHB Tristan Gimple 0-0: Foul Ball, location: 2F
0-1: Ball
1-1: DOUBLE (Flyball, 9LD, EV 99.4 MPH)
Mike Tarantino scores
Tony Abascal to third
Batting: LHB Zach Brandt 0-0: Ball
1-0: Ball
2-0: Fly out, F6 (Popup, 5D, EV 61.2 MPH)
Top of the 7th over - 2 runs, 3 hits, 0 errors, 2 left on base; Ohio State University 11 - Wichita State University 5
BOTTOM OF THE 7TH
Wichita State University Shockers batting - Pitching for Ohio State University Buckeyes : RHP Harry Jerome
Batting: SHB Peter Faggard 0-0: Foul Ball, location: 2F
0-1: SINGLE (Groundball, 4MD, EV 100.0 MPH)
Pitching: RHP Jason Kaufman
Batting: RHB Kyle Gill 0-0: Called Strike
0-1: Foul Ball, location: 2F
0-2: Foul Ball, location: 2F
0-2: Foul Ball, location: 2F
0-2: Foul Ball, location: 2F
0-2: Ball
1-2: Grounds into double play, 4-6-3 (Groundball, 4, EV 81.9 MPH)
Batting: RHB Lucio Baratta 0-0: Ball
1-0: Foul Ball, location: 2F
1-1: SOLO HOME RUN (Flyball, 9D, EV 95.6 MPH), Distance : 388 ft
Batting: LHB Carlos Flores 0-0: Called Strike
0-1: Ball
1-1: Ball
2-1: Foul Ball, location: 2F
2-2: Fly out, F8 (Flyball, 8RD, EV 85.6 MPH)
Bottom of the 7th over - 1 run, 2 hits, 0 errors, 0 left on base; Ohio State University 11 - Wichita State University 6
TOP OF THE 8TH
Ohio State University Buckeyes batting - Pitching for Wichita State University Shockers : LHP Éric Duval
Pitching: RHP Ryan Chase
Batting: RHB Jacob Carrano 0-0: Called Strike
0-1: Ball
1-1: Ball
2-1: Ball
3-1: DOUBLE (Flyball, 8LXD, EV 90.6 MPH)
Batting: RHB David Guillen 0-0: Called Strike
0-1: Ball
1-1: Ball
2-1: Foul Ball, location: 2F
2-2: Ball
3-2: Fly out, F7 (Flyball, 7LS, EV 74.4 MPH)
Batting: RHB Bo Wu 0-0: Ground out U3 (Groundball, 34S, EV 85.6 MPH)
Jacob Carrano to third
Batting: LHB Ben Callaway 0-0: Swinging Strike
0-1: Swinging Strike
0-2: SINGLE (Groundball, 34D, EV 95.0 MPH)
Jacob Carrano scores
Batting: LHB Adam Simpson 0-0: Ball
1-0: Ball
2-0: Ball
3-0: Foul Ball, location: 2F
3-1: Base on Balls
Ben Callaway to second
Batting: RHB Mike Tarantino 0-0: Ball
1-0: Swinging Strike
1-1: Foul Ball, location: 2F
1-2: SINGLE (Groundball, 56, EV 96.2 MPH)
Ben Callaway to third
Adam Simpson to second
Pitching: LHP Blake Gans
Batting: LHB Tony Abascal 0-0: Swinging Strike
0-1: Swinging Strike
0-2: Ball
1-2: Strikes out swinging
Top of the 8th over - 1 run, 3 hits, 0 errors, 3 left on base; Ohio State University 12 - Wichita State University 6
BOTTOM OF THE 8TH
Wichita State University Shockers batting - Pitching for Ohio State University Buckeyes : RHP Jason Kaufman
Batting: RHB Marvin Coffey 0-0: Ball
1-0: Swinging Strike
1-1: Called Strike
1-2: Ball
2-2: Fly out, F7 (Flyball, 7D, EV 93.1 MPH)
Batting: LHB Kyle Lee 0-0: Called Strike
0-1: Ball
1-1: DOUBLE (Line Drive, 78D, EV 108.8 MPH)
Batting: LHB Troy Davies 0-0: Ground out 4-3 (Groundball, 4, EV 87.5 MPH)
Kyle Lee to third
Batting: RHB Jeff Grant 0-0: Ball
1-0: Ball
2-0: Ball
3-0: Base on Balls
Batting: RHB Rick McGrath 0-0: Swinging Strike
0-1: Ball
1-1: Foul Ball, location: 2F
1-2: Fly out, F7 (Flyball, 7LM, EV 100.0 MPH)
Bottom of the 8th over - 0 runs, 1 hit, 0 errors, 2 left on base; Ohio State University 12 - Wichita State University 6
TOP OF THE 9TH
Ohio State University Buckeyes batting - Pitching for Wichita State University Shockers : LHP Blake Gans
Pitching: LHP John Schroeder
Batting: RHB Tristan Gimple 0-0: Hit by Pitch
Batting: LHB Zach Brandt 0-0: Swinging Strike
0-1: Ball
1-1: Called Strike
1-2: Ball
2-2: Fielders Choice at 2nd, 4-6 (Groundball, 4, EV 102.5 MPH)
Batting: RHB Jacob Carrano 0-0: Called Strike
0-1: Foul Ball, location: 2F
0-2: Ball
1-2: Fly out, F6 (Popup, 6, EV 61.2 MPH)
Batting: RHB David Guillen 0-0: Called Strike
0-1: Called Strike
0-2: Ball
1-2: Strikes out swinging
Top of the 9th over - 0 runs, 0 hits, 0 errors, 1 left on base; Ohio State University 12 - Wichita State University 6
BOTTOM OF THE 9TH
Wichita State University Shockers batting - Pitching for Ohio State University Buckeyes : RHP Jason Kaufman
Pitching: RHP Neville MacDonald
Batting: SHB Peter Faggard 0-0: Foul Ball, location: 2F
0-1: Ball
1-1: Fly out, F7 (Flyball, 78S, EV 89.4 MPH)
Batting: RHB Kyle Gill 0-0: SINGLE (Flyball, 56D, EV 89.4 MPH)
Batting: RHB Lucio Baratta 0-0: Ball
1-0: Swinging Strike
1-1: Fielders Choice at 2nd, 5-4 (Groundball, 5, EV 95.0 MPH)
Batting: LHB Carlos Flores 0-0: Called Strike
0-1: SINGLE (Line Drive, 34D, EV 94.4 MPH)
Lucio Baratta to second
Batting: RHB Marvin Coffey 0-0: Ball
1-0: Called Strike
1-1: Called Strike
1-2: Fly out, F8 (Flyball, 8LM, EV 92.5 MPH)
Bottom of the 9th over - 0 runs, 2 hits, 0 errors, 2 left on base; Ohio State University 12 - Wichita State University 6
Thursday, December 15th , 2022 - OOTP Baseball 23.9 Build 102